 Dungeon Crawl Stone Soup version 0.31-a0-217-g58bb5d79cf (webtiles) character file.

Game seed: 3581403555178839246

636762 rabbitsville the Conqueror (level 27, -1/273 HPs)
             Began as a Hill Orc Fighter on June 30, 2023.
             Was an Elder of Jiyva.
             Slain by a red draconian
             ... wielding a +0 battleaxe
             ... led by a green draconian monk
              (13 damage)
             ... on level 5 of the Realm of Zot on July 2, 2023.
             The game lasted 03:59:10 (52111 turns).

rabbitsville the Conqueror (Hill Orc Fighter)      Turns: 52111, Time: 03:59:10

Health: -1/273     AC: 45    Str: 41    XL:     27
Magic:  21/23      EV: 11    Int:  9    God:    Jiyva [****..]
Gold:   5767       SH:  0    Dex: 11    Spells: 26/26 levels left

rFire   + + +        b - +2 eveningstar (drain)
rCold   + + .        f - +0 kite shield {reflect}
rNeg    + + +        C - +15 Maxwell's patent armour {-Cast -Tele rElec Will+ rCorr}
rPois   +            W - -2 hat of the Alchemist {rElec rPois rF+ rC+ rN+ Will+ rMut rCorr}
rElec   +            m - scarf {rC+ rF+}
rCorr   +            j - +1 pair of gloves of the Vacuum {Dex+2 SInv}
SInv    +            e - +3 pair of boots of Cah Vumo {Int-3 Dex+3 Slay+2 Stlth+}
Will    +++++        Y - amulet "Kaethre Gubao" {Reflect rF+ Will+ SH+5} Stlth
                     q - ring of Jiduogil {rN+ Str+9 Dex-3 SInv}
HPRegen 1.93/turn    S - ring "Unich" {+Blink Fly rC+ rN+ Stlth+}
MPRegen 0.58/turn

%: no teleportation, no spellcasting, reflection, resist mutation
@: calling ooze, flying, held
A: talons 1, clever 1, fire resistance 1, mutation resistance 1, sense
surroundings 2, wild magic 1, gelatinous body 3, translucent skin 1, jelly
sensing items, jelly absorbing missiles, cold vulnerability 1, MP-powered wands
}: 4/15 runes: decaying, serpentine, slimy, silver
a: Renounce Religion, Evoke Blink, Oozemancy, Slimify


You were on level 5 of the Realm of Zot.
You worshipped Jiyva.
Jiyva was greatly pleased with you.
You visited 10 branches of the dungeon, and saw 52 of its levels.
You visited the Abyss 1 time.
You also visited: Trove, Bailey, Ice Cave and Desolation.

You collected 7179 gold pieces.
You spent 1412 gold pieces at shops.

Inventory:

Hand Weapons
 b - a +2 eveningstar of draining (weapon)
 F - the +6 orcbow of Annoyance {antimagic, rPois rF+ rC+}
   (You found it in an ice cave)

   rF:        It protects you from fire.
   rC:        It protects you from cold.
   rPois:     It protects you from poison.
Missiles
 z - 4 throwing nets
Armour
 e - the +3 pair of boots of Cah Vumo (worn) {Int-3 Dex+3 Slay+2 Stlth+}
   (You found it on level 4 of the Vaults)

   Int:       It affects your intelligence (-3).
   Dex:       It affects your dexterity (+3).
   Slay:      It affects your accuracy & damage with ranged weapons and melee
   (+2).
   Stlth:     It makes you more stealthy.
 f - a +0 kite shield of reflection (worn)
 j - the +1 pair of gloves of the Vacuum (worn) {Dex+2 SInv}
   (You found it on level 3 of the Elven Halls)

   Dex:       It affects your dexterity (+2).
   SInv:      It lets you see invisible.
 m - a scarf of resistance (worn)
 C - the +15 Maxwell's patent armour (worn) {-Cast -Tele rElec Will+ rCorr}
   (You found it on level 1 of the Orcish Mines)

   rElec:     It insulates you from electricity.
   -Cast:     It prevents spellcasting.
   -Tele:     It prevents most forms of teleportation.
   rCorr:     It protects you from acid and corrosion.
   Will:      It increases your willpower.
 P - +3 storm dragon scales {Bai Suzhen}
 W - the -2 hat of the Alchemist (worn) {rElec rPois rF+ rC+ rN+ Will+ rMut rCorr}
   (You found it on level 3 of the Elven Halls)

   rF:        It protects you from fire.
   rC:        It protects you from cold.
   rElec:     It insulates you from electricity.
   rPois:     It protects you from poison.
   rN:        It protects you from negative energy.
   rCorr:     It protects you from acid and corrosion.
   rMut:      It protects you from mutation.
   Will:      It increases your willpower.
Jewellery
 q - the ring of Jiduogil (left hand) {rN+ Str+9 Dex-3 SInv}
   (You bought it in a shop on level 4 of the Dungeon)

   [ring of positive energy]

   Str:       It affects your strength (+9).
   Dex:       It affects your dexterity (-3).
   rN:        It protects you from negative energy.
   SInv:      It lets you see invisible.
 r - an amulet of the acrobat
 S - the ring "Unich" (right hand) {+Blink Fly rC+ rN+ Stlth+}
   (You bought it in a shop on level 4 of the Snake Pit)

   [ring of flight]

   rC:        It protects you from cold.
   rN:        It protects you from negative energy.
   Fly:       It grants you flight.
   +Blink:    It lets you blink.
   Stlth:     It makes you more stealthy.
 Y - the amulet "Kaethre Gubao" (around neck) {Reflect rF+ Will+ SH+5}
   (You found it on level 3 of the Elven Halls)

   [amulet of reflection]

   It reflects blocked missile attacks.
   rF:        It protects you from fire.
   SH:        It affects your SH (+5).
   Will:      It increases your willpower.
Wands
 l - a wand of mindburst (23)
 o - a wand of light (17)
 t - a wand of polymorph (32)
 y - a wand of flame (107)
 A - a wand of iceblast (60)
 D - a wand of digging (21)
 N - a wand of charming (29)
Scrolls
 c - 18 scrolls of identify
 g - 9 scrolls of immolation
 k - 2 scrolls of blinking
 n - 6 scrolls of enchant weapon
 s - 15 scrolls of teleportation
 v - 5 scrolls of summoning
 B - 2 scrolls of torment
 E - 4 scrolls of brand weapon
 G - 2 scrolls of revelation
 I - 6 scrolls of fear
 L - 3 scrolls of fog
 M - 4 scrolls of vulnerability
 Q - 6 scrolls of noise
 R - a scroll of poison
 T - 5 scrolls of amnesia
 X - 2 scrolls of silence
Potions
 d - 6 potions of might
 i - 5 potions of brilliance
 p - a potion of enlightenment
 u - 3 potions of ambrosia
 w - 5 potions of lignification
 x - 5 potions of cancellation
 H - 4 potions of haste
 J - 8 potions of mutation
 K - 5 potions of invisibility
 O - 15 potions of curing
 U - a potion of resistance
 V - 3 potions of attraction
Miscellaneous
 a - a phial of floods (inert)
 Z - a condenser vane


   Skills:
 O Level 27 Fighting
 - Level 18.8 Maces & Flails
 - Level 12.8 Ranged Weapons
 * Level 24.7 Armour
 + Level 15.2 Dodging
 * Level 22.4 Shields
 - Level 13.0 Evocations


You had 26 spell levels left.
You didn't know any spells.
Your spell library contained the following spells:

 Spells                   Type           Power      Damage    Failure   Level
 Apportation              Tloc           0%         N/A       78%         1
 Beastly Appendage        Tmut           0%         N/A       78%         1
 Foxfire                  Conj/Fire      0%         2x1d4     78%         1
 Freeze                   Ice            0%         1d3       78%         1
 Kiss of Death            Conj/Necr      0%         2d5       78%         1
 Magic Dart               Conj           0%         1d3       78%         1
 Necrotise                Necr           0%         1d4       78%         1
 Slow                     Hex            0%         N/A       78%         1
 Summon Small Mammal      Summ           0%         N/A       78%         1
 Lesser Beckoning         Tloc           0%         N/A       88%         2
 Momentum Strike          Conj/Tloc      0%         3d8       88%         2
 Searing Ray              Conj           0%         2d4       88%         2
 Static Discharge         Conj/Air       0%         2-2/arc   88%         2
 Wereblood                Tmut           0%         N/A       88%         2
 Confusing Touch          Hex            0%         N/A       98%         3
 Gell's Gravitas          Tloc           0%         N/A       98%         3
 Ignite Poison            Fire/Tmut/Pois 0%         N/A       98%         3
 Inner Flame              Hex/Fire       0%         N/A       98%         3
 Mephitic Cloud           Conj/Pois/Air  0%         N/A       98%         3
 Ozocubu's Armour         Ice            0%         N/A       98%         3
 Portal Projectile        Hex/Tloc       0%         N/A       98%         3
 Spider Form              Tmut/Pois      0%         N/A       98%         3
 Stone Arrow              Conj/Erth      0%         3d7       98%         3
 Teleport Other           Tloc           0%         N/A       98%         3
 Vampiric Draining        Necr           0%         2d6       98%         3
 Vhi's Electric Charge    Tloc/Air       0%         N/A       98%         3
 Anguish                  Hex/Necr       0%         N/A       100%        4
 Animate Dead             Necr           0%         N/A       100%        4
 Cause Fear               Hex            0%         N/A       100%        4
 Dispel Undead            Necr           0%         3d6       100%        4
 Flame Wave               Conj/Fire      0%         2d4       100%        4
 Fulminant Prism          Conj/Hex       0%         3d5       100%        4
 Sticky Flame             Conj/Fire      0%         2d3       100%        4
 Arcjolt                  Conj/Air       0%         1d10      100%        5
 Borgnjor's Vile Clutch   Necr/Erth      0%         N/A       100%        5
 Fireball                 Conj/Fire      0%         3d3       100%        5
 Iskenderun's Battlesphe  Conj           0%         2d6       100%        5
 Metabolic Englaciation   Hex/Ice        0%         N/A       100%        5
 Conjure Ball Lightning   Conj/Air       0%         3x3d6     100%        6
 Death Channel            Necr           0%         N/A       100%        6
 Leda's Unmaking          Conj/Erth      0%         9d1       100%        6
 Plasma Beam              Fire/Air       0%         2x1d10    100%        6
 Simulacrum               Ice/Necr       0%         N/A       100%        6
 Enfeeble                 Hex            0%         N/A       100%        7
 Malign Gateway           Summ/Tloc      0%         N/A       100%        7
 Orb of Destruction       Conj           0%         9d5       100%        7
 Ozocubu's Refrigeration  Ice            0%         4d7       100%        7
 Storm Form               Tmut/Air       0%         N/A       100%        7
 Disjunction              Tloc           0%         N/A       100%        8
 Maxwell's Capacitive Co  Air            0%         ∞         100%        8
 Summon Horrible Things   Summ           0%         N/A       100%        8
 Fire Storm               Conj/Fire      0%         5d1       100%        9
 Polar Vortex             Ice            0%         N/A       100%        9


Dungeon Overview and Level Annotations

Branches:
Dungeon (15/15)            Temple (0/1) D:6            Lair (5/5) D:9
  Swamp (4/4) Lair:2        Snake (4/4) Lair:3        Slime (5/5) Lair:5
    Orc (2/2) D:12            Elf (3/3) Orc:2        Vaults (5/5) D:13
  Crypt (0/3) Vaults:2     Depths (4/4) D:15            Zot (5/5) Depths:4
 Bailey (visited)           IceCv (visited)         Desolation (visited)

Altars:
Cheibriados
Fedhas
Okawaru
Qazlal
Sif Muna
Vehumet
Xom
Yredelemnul
Zin
The Shining One
Jiyva
Lugonu

Shops:
D:1 *   D:4 **   D:12 *   Orc:1 ?   Orc:2 ![*   Snake:4 (:=:   Vaults:4 :
Depths:1 [

Portals:
Hell: Depths:1 Depths:2 Depths:3 Depths:4
Abyss: Depths:2 Depths:3
Pandemonium: Depths:2
Ziggurat: Depths:1

Annotations:
D:11 1 runed translucent door, Brisketman's ghost, novice DrEE
D:14 1 runed translucent door
Slime:5 Royal Jelly
Zot:5 3 runed translucent doors, exclusion: 3 doors, Lance11888's ghost, legendary OpDe


Innate Abilities, Weirdness & Mutations

You have sharp toenails.
Your mind is acute. (Int +4, Str/Dex -1)
Your flesh is heat resistant. (rF+)
You are somewhat resistant to further mutation.
You passively map the area around you.
Your spells are a little harder to cast, but a little more powerful.
Your gelatinous body deflects attacks. (AC +3, EV +3)
Your translucent skin slightly reduces your foes' accuracy. (Stealth+)
You have a small jelly attached to you that senses nearby items.
You have a small jelly attached to you that may absorb projectiles.
You are vulnerable to cold. (rC-)
You expend magic power (3 MP) to strengthen your wands.


Message History

The moth of wrath goads the red draconian on!
The red draconian goes berserk!
The wall burns the red draconian!
The red draconian closely misses you.
You feel much better.
You stop calling forth ooze.
You feel sick. The red draconian closely misses you.
The Killer Klown misses you. The red draconian barely misses you.
The red draconian hits you but does no damage.
The moth of wrath goads something on!
Activating: Oozemancy (6% risk of failure)
Press: ? - help, Q - select action, (/) - cycle Dir - look around, f - activate You fail to use your ability.
You feel sick. The Killer Klown smiles at you.
The Killer Klown karate-kicks you with a +12 club!!
* * * LOW HITPOINT WARNING * * *
The red draconian hits you with a +1 battleaxe of venom!
* * * LOW HITPOINT WARNING * * *
The red draconian misses you.
The Killer Klown blinks!
The red draconian barely misses you.
Activating: Oozemancy (6% risk of failure)
Press: ? - help, Q - select action, (/) - cycle Dir - look around, f - activate Slime begins to ooze from the nearby walls!
You feel sick.
The wall burns the white draconian!
The walls burn the red draconian!
The red draconian hits you with a +0 battleaxe!
* * * LOW HITPOINT WARNING * * *
The wall burns the red draconian!
The red draconian hits you with a +1 battleaxe of venom!
* * * LOW HITPOINT WARNING * * *
You are lethally poisoned!
The walls burn the Killer Klown!
The Killer Klown blinks!
The wall burns the white draconian!
The walls burn the red draconian!
The red draconian hits you but does no damage.
You feel better.
The wall burns the red draconian!
The red draconian barely misses you.
The wall burns the white draconian!
The white draconian rages.
The walls burn the red draconian!
The red draconian hits you with a +0 battleaxe!
You die...

,**,^,,,,,,,**,,,,,,,,,,,,,,,,,,,
,***,,,,,,,***,,,,,,,,,,,,,,,,,,,
,* ********* *,,,,,,,,,,,,,,,,,,,
** **,,,,,,,,,,,,,,,,^, *
***,,,,,,,,,,,,,,,,
****,,,,,,,,,,,,,
#▓▓▓▓▓▓▓▓▓▓***8,,, #*
###[ddqqy....,,,,,,, .#*
##..@d##d.....,,,,,,,
..###########..§###,,.....,,,,,,,
...............##*,,,,..d.,,,,,,,
#........p...$## *,,,,,...,,,^,,,
#.............# *,,,,,,q.,,,,,,^
##...........## *,,,,,,,.,,,,,,,
#...........# *,,,,,,,,,,^,,,^
##...........## *,,,,,,,,,,,,^,,
#.............# **,,,,,^,,,,,,,,


You could see a Killer Klown, a green draconian monk, 2 draconians, a white
draconian (berserk), a purple draconian shifter and a moth of wrath.

Vanquished Creatures
  4 dread liches
  3 ancient liches
  6 orbs of fire
  Mara (Vaults:4)
  A juggernaut (Depths:4)
  Vv (Zot:4)
  2 Killer Klowns (Zot:5)
  Bai Suzhen (Vaults:3)
  Vashnia (Snake:4)
  A curse toe (Zot:1)
  The ghost of Yptir the Protected, an adept AtFE of Vehumet (Vaults:4)
  Nikola (Snake:1)
  A profane servitor (Depths:3)
  12 golden dragons
  A bone dragon (Depths:4)
  A hellephant (Depths:2)
  Mlioglotl (Swamp:1)
  18 tentacled monstrosities
  An Ice Fiend (IceCv)
  A lich (Vaults:3)
  4 titans (Vaults:5)
  3 deep elf blademasters
  A walking divine tome (Depths:4)
  2 deep elf master archers (Elf:3)
  A walking frostbound tome (Depths:4)
  12 Orb Guardians
  An ancient champion (Vaults:2)
  4 quicksilver dragons
  7 death cobs
  3 sphinxes
  Donald (Snake:2)
  12 shadow dragons
  21 storm dragons
  8 tengu reavers
  3 draconian monks
  4 frost giants
  2 nagarajas
  8 draconian knights
  6 draconian scorchers
  13 deep elf sorcerers
  7 fire giants
  Aizul (Snake:4)
  2 iron dragons
  21 vault wardens
  An imperial myrmidon (Vaults:3)
  5 draconian shifters
  6 ghost moths
  2 orc warlords
  2 ghouls (Swamp:2)
  3 spriggan defenders
  4 draconian annihilators
  3 deep elf elementalists (Elf:3)
  12 stone giants
  A draconian stormcaller (Zot:1)
  38 very ugly things
  24 ironbound preservers
  4 war gargoyles
  9 ironbound thunderhulks
  5 eleionomae
  13 green draconians
  9 deep elf demonologists
  A vampire knight (Depths:2)
  9 deep elf annihilators (Elf:3)
  11 purple draconians
  10 white draconians
  8 black draconians
  3 red draconians
  A minotaur (Depths:1)
  4 spark wasps
  22 dire elephants
  7 yellow draconians
  2 pearl dragon zombies (Depths:3)
  9 ettins
  Josephine (D:11)
  7 deep elf death magi
  6 fire dragons
  8 deep elf high priests
  6 ice dragons
  2 ragged hierophants
  3 entropy weavers
  12 yaktaur captains
  42 vault guards
  4 salamander tyrants
  23 hydras
  A quicksilver dragon skeleton (Depths:3)
  2 shambling mangroves
  A catoblepas (Lair:5)
  2 spriggan air magi (Depths:4)
  2 ghost crabs
  24 centaur warriors
  An anaconda (shapeshifter) (Vaults:5)
  A peacekeeper (Vaults:4)
  3 rakshasas
  2 caustic shrike simulacra (IceCv)
  20 anacondas
  A death knight (Depths:3)
  13 ironbound frosthearts
  2 ogre magi (Orc:2)
  4 boulder beetles
  29 dancing weapons
  14 two-headed ogres
  3 deep troll earth magi
  6 death yaks
  15 naga warriors
  14 alligators
  2 orc high priests
  2 spriggan berserkers
  A deep troll shaman (Depths:1)
  3 hell hogs (Depths:3)
  9 shock serpents
  16 naga sharpshooters
  12 tengu warriors
  22 deep elf knights
  5 hell knights (Depths:2)
  A shadow wraith (Vaults:5)
  An iron troll (Depths:1)
  Nergalle (D:11)
  6 skysharks
  8 salamander mystics (Snake:4)
  Lodul (D:11)
  5 skeletal warriors (D:15)
  55 deep trolls
  8 goliath frogs
  2 spriggan druids
  13 deep elf archers
  13 lindwurms
  8 swamp dragons
  An obsidian statue (IceCv)
  A flayed ghost (Depths:4)
  3 bog bodies
  13 spriggan simulacra (IceCv)
  4 phantasmal warriors
  9 naga ritualists
  4 harpies (Vaults:1)
  22 ironbound convokers
  3 necromancers
  31 deep elf zephyrmancers
  4 wizards
  A tengu skeleton (Depths:3)
  6 orc knights
  32 ugly things
  23 deep elf pyromancers
  3 orc sorcerers
  5 oklob plants
  A fire giant zombie (Depths:3)
  4 cyclopes
  A manticore (D:15)
  19 salamanders
  23 mana vipers
  2 will-o-the-wisps
  25 moths of wrath
  A guardian serpent (shapeshifter) (Elf:3)
  An orange demon (Depths:2)
  21 vault sentinels
  34 black mambas
  A fire giant skeleton (Depths:3)
  13 naga magi
  4 apis skeletons (Depths:3)
  8 guardian serpents
  11 elephants
  A rust devil (Depths:2)
  2 torpor snails
  21 cane toads
  A gargoyle (D:11)
  A hellion (Depths:2)
  2 rime drakes (Lair:4)
  2 komodo dragons
  2 tengu conjurers
  36 yaktaurs
  9 ice devils (IceCv)
  8 freezing wraiths
  A red devil (Depths:2)
  12 tyrant leeches
  2 polar bears (Lair:4)
  2 bloated husks (Swamp:1)
  A hellwing (Depths:2)
  Grinder (D:4)
  10 trolls
  11 hornets
  9 saltlings
  44 blink frogs
  4 dream sheep (Lair:5)
  2 air elementals (Elf:3)
  A flying skull (Vaults:2)
  13 spriggans
  2 shadows
  9 wraiths
  3 water elementals
  Sigmund (D:4)
  3 wyverns
  31 yaks
  4 fire elementals
  A yak (shapeshifter) (D:14)
  4 dire elephant simulacra (IceCv)
  A redback (Vaults:4)
  11 vampire mosquitoes
  8 fire bats (D:14)
  Eustachio (D:5)
  8 minotaur simulacra (IceCv)
  8 basilisks
  A steam dragon (Bailey)
  A harpy simulacrum (IceCv)
  A warg (Orc:2)
  Menkaure (D:4)
  30 nagas
  16 swamp worms
  2 acid dragons
  10 water moccasins
  12 orc warriors
  An ettin simulacrum (IceCv)
  A sky beast (D:8)
  2 black bears
  12 swamp drakes
  2 boggarts
  An ice beast (D:6)
  8 centaurs
  34 ogres
  27 wolves
  2 phantoms (D:6)
  6 earth elementals
  9 kobold brigands
  21 bullfrogs
  7 deep troll simulacra (IceCv)
  3 gnoll sergeants
  A necrophage (Swamp:2)
  3 scorpions
  12 wights
  9 killer bees
  An electric eel (Lair:5)
  2 howler monkeys
  8 hounds
  A gnoll bouda (D:5)
  8 orc priests
  2 sleepcaps (D:4)
  15 orc wizards
  Ijyb (D:5)
  Natasha (D:2)
  A hell rat (D:9)
  A mummy (D:4)
  Robin (D:4)
  16 gnolls
  A river rat (D:9)
  9 adders
  3 shadow imps
  A white imp (D:6)
  3 ufetubi
  A worm (D:3)
  2 dart slugs (D:4)
  42 orcs
  6 endoplasms
  5 giant cockroaches
  16 goblins
  14 hobgoblins
  8 jackals
  7 quokkas
  4 ball pythons
  64 bats
  6 frilled lizards
  49 kobolds
  7 rats
2070 creatures vanquished.

Vanquished Creatures (collateral kills)
  A boulder beetle (D:11)
1 creature vanquished.

Vanquished Creatures (others)
  A storm dragon (Vaults:5)
  2 vault wardens
  2 formless jellyfish
  An ironbound preserver (Vaults:3)
  A draconian shifter (Zot:4)
  A stone giant (Vaults:5)
  An entropy weaver (Vaults:3)
  3 yaktaur captains
  8 great orbs of eyes
  A spriggan air mage (Depths:2)
  2 ironbound frosthearts
  A two-headed ogre (shapeshifter) (Vaults:5)
  A death yak (shapeshifter) (Vaults:3)
  A swamp dragon (Swamp:3)
  2 glowing orange brains
  A bog body (Swamp:1)
  3 deep trolls (Vaults:3)
  A wizard (Vaults:3)
  An ironbound convoker (Vaults:3)
  A harpy (Vaults:1)
  A deep elf zephyrmancer (Elf:3)
  4 deep elf pyromancers
  A moth of wrath (Zot:1)
  10 slime creatures
  3 vault sentinels
  3 yaktaurs
  A bloated husk (Swamp:3)
  A hornet (Swamp:4)
  A dream sheep (shapeshifter) (Vaults:5)
  A slime creature (shapeshifter) (Elf:3)
  2 fire bats (D:14)
  A steam dragon (D:7)
  A vampire mosquito (Swamp:1)
  A swamp worm (Swamp:4)
  An acid dragon (D:9)
  2 floating eyes (shapeshifter) (Vaults:5)
  A swamp drake (Swamp:1)
  A boggart (Vaults:4)
  A black bear (D:8)
  A centaur (shapeshifter) (Vaults:5)
  2 centaurs (D:15)
  A wolf (Lair:3)
  3 bullfrogs
  3 howler monkeys (D:7)
  A hound (Lair:3)
  262 jellies
  A jelly (shapeshifter) (Vaults:4)
  8 orc priests
  An iguana (D:5)
  An orc wizard (D:6)
  2 gnolls (D:3)
  2 adders (D:5)
  A white imp (D:5)
  15 orcs
  10 bats
  5 endoplasms
  3 goblins (D:7)
  6 foxfires (Swamp:2)
400 creatures vanquished.

Grand Total: 2471 creatures vanquished

Notes
Turn   | Place    | Note
-------+----------+-------------------------------------------
     0 | D:1      | rabbitsville the Hill Orc Fighter began the quest for the
                  | Orb.
     0 | D:1      | Reached XP level 1. HP: 19/19 MP: 1/1
   116 | D:1      | Reached XP level 2. HP: 24/27 MP: 2/2
   125 | D:1      | Reached skill level 4 in Fighting
   210 | D:1      | Reached XP level 3. HP: 33/33 MP: 3/3
   255 | D:1      | Found Itrobe Raog's General Store.
   984 | D:2      | Reached XP level 4. HP: 41/41 MP: 4/4
  1577 | D:2      | Found a faded altar of an unknown god.
  1589 | D:2      | Prayed at the altar of an unknown god.
  1589 | D:2      | Became a worshipper of Jiyva Jejiem the Shapeless
  1589 | D:2      | Reached * piety under Jiyva
  1832 | D:2      | Noticed Natasha
  1842 | D:2      | Killed Natasha
  1843 | D:2      | Reached skill level 5 in Fighting
  1843 | D:2      | Reached XP level 5. HP: 48/48 MP: 5/5
  2296 | D:3      | Reached ** piety under Jiyva
  2629 | D:3      | Reached XP level 6. HP: 57/57 MP: 6/6
  2872 | D:4      | Noticed Grinder
  2882 | D:4      | Paralysed by Grinder for 2 turns
  2892 | D:4      | Noticed Menkaure
  2895 | D:4      | Killed Grinder
  2896 | D:4      | Reached skill level 6 in Fighting
  2896 | D:4      | Reached skill level 5 in Maces & Flails
  2896 | D:4      | Reached XP level 7. HP: 33/64 MP: 7/7
  2900 | D:4      | Killed Menkaure
  2901 | D:4      | Reached skill level 5 in Shields
  2974 | D:4      | Found Oryt's Assorted Antiques.
  2986 | D:4      | Reached skill level 7 in Fighting
  2986 | D:4      | Bought a scorched bronze ring for 130 gold pieces
  2986 | D:4      | Identified the ring of Jiduogil {rN+ Str+9 Dex-3 SInv} (You
                  | bought it in a shop on level 4 of the Dungeon)
  2993 | D:4      | Found a snail-covered altar of Cheibriados.
  3118 | D:4      | Found Lyasodwea's CLEARANCE SALE!.
  3124 | D:4      | Noticed Sigmund
  3131 | D:4      | Killed Sigmund
  3141 | D:4      | Reached XP level 8. HP: 66/73 MP: 8/8
  3202 | D:4      | Noticed Robin
  3222 | D:4      | Killed Robin
  3295 | D:4      | Reached *** piety under Jiyva
  3707 | D:5      | Entered Level 5 of the Dungeon
  3778 | D:5      | Noticed Eustachio
  3788 | D:5      | Killed Eustachio
  3789 | D:5      | Reached skill level 8 in Fighting
  3823 | D:5      | Noticed a kobold demonologist
  3875 | D:5      | Gained mutation: You are robust. (+10% HP) [Jiyva's grace]
  3875 | D:5      | Gained mutation: You are very robust. (+20% HP) [Jiyva's
                  | grace]
  3875 | D:5      | Gained mutation: You are extremely robust. (+30% HP)
                  | [Jiyva's grace]
  3875 | D:5      | Gained mutation: Your mind is acute. (Int +4, Str/Dex -1)
                  | [Jiyva's grace]
  3943 | D:5      | Found a glowing silver altar of Zin.
  3956 | D:5      | Found a shimmering blue altar of Sif Muna.
  4186 | D:5      | Noticed Ijyb
  4190 | D:5      | Killed Ijyb
  4281 | D:5      | Reached **** piety under Jiyva
  4578 | D:6      | Reached skill level 9 in Fighting
  4583 | D:6      | Reached XP level 9. HP: 95/107 MP: 9/9
  4818 | D:6      | Noticed a two-headed ogre
  4828 | D:6      | Killed a two-headed ogre
  4829 | D:6      | Reached skill level 10 in Fighting
  4854 | D:6      | Noticed a two-headed ogre
  4859 | D:6      | Killed a two-headed ogre
  4860 | D:6      | Reached skill level 11 in Fighting
  4860 | D:6      | Reached XP level 10. HP: 48/123 MP: 10/10
  5019 | D:6      | Reached skill level 10 in Maces & Flails
  5125 | D:6      | Found a staircase to the Ecumenical Temple.
  5814 | D:7      | Found a flagged portal.
  5830 | Bailey   | Entered a bailey
  5990 | Bailey   | Noticed a two-headed ogre
  5996 | Bailey   | Killed a two-headed ogre
  5997 | Bailey   | Reached skill level 12 in Fighting
  6870 | D:8      | Identified the +0 war axe of Vipatol {freeze, *Rage Dex+4}
  6890 | D:8      | Reached XP level 11. HP: 135/136 MP: 11/11
  7003 | D:8      | Lost mutation: You are extremely robust. (+30% HP) [Jiyva's
                  | grace]
  7003 | D:8      | Lost mutation: You are very robust. (+20% HP) [Jiyva's
                  | grace]
  7003 | D:8      | Gained mutation: You have a small jelly attached to you
                  | that senses nearby items. [Jiyva's grace]
  7003 | D:8      | Gained mutation: You passively dampen the noise of your
                  | surroundings. [Jiyva's grace]
  7003 | D:8      | Gained mutation: You have a pair of small antennae on your
                  | head. [Jiyva's grace]
  7003 | D:8      | Gained mutation: You have a pair of antennae on your head.
                  | [Jiyva's grace]
  7311 | D:9      | Reached skill level 13 in Fighting
  7405 | D:9      | Reached ***** piety under Jiyva
  7446 | D:9      | Identified the +5 plate armour of Slovenliness {+Blink rC+}
  7477 | D:9      | Noticed a death yak
  7501 | D:9      | Killed a death yak
  7550 | D:9      | Noticed a death yak
  7561 | D:9      | Noticed a death yak
  7568 | D:9      | Killed a death yak
  7582 | D:9      | Killed a death yak
  7609 | D:9      | Found a staircase to the Lair.
  7677 | D:9      | Found a radiant altar of Vehumet.
  7985 | D:10     | Entered Level 10 of the Dungeon
  8147 | D:10     | Lost mutation: You have a small jelly attached to you that
                  | senses nearby items. [Jiyva's grace]
  8147 | D:10     | Gained mutation: You are partially covered in large bone
                  | plates. (SH +4) [Jiyva's grace]
  8147 | D:10     | Gained mutation: You are mostly covered in large bone
                  | plates. (SH +6) [Jiyva's grace]
  8147 | D:10     | Gained mutation: You are completely covered in large bone
                  | plates. (SH +8) [Jiyva's grace]
  8147 | D:10     | Gained mutation: You have sharp toenails. [Jiyva's grace]
  8372 | D:10     | Reached ****** piety under Jiyva
  8764 | D:11     | Identified the +7 spear of Siegofun {venom, rC- rN+ SInv}
  8765 | D:11     | Found a runed translucent door.
  8766 | D:11     | Noticed a spriggan rider
  8766 | D:11     | Noticed Brisketman's ghost (novice DrEE)
  8807 | D:11     | Noticed Nergalle
  8822 | D:11     | Killed Nergalle
  8823 | D:11     | Reached skill level 14 in Fighting
  8958 | D:11     | Found a shimmering blue altar of Sif Muna.
  9040 | D:11     | Noticed Lodul
  9048 | D:11     | Killed Lodul
  9087 | D:11     | Noticed a boulder beetle
  9103 | D:11     | You fall into a shaft and drop 2 floors!
  9108 | D:13     | Noticed a cyan ugly thing
  9124 | D:13     | Killed a cyan ugly thing
  9154 | D:13     | Found a gate to the Vaults.
  9154 | D:13     | Noticed a vault guard
  9154 | D:13     | Noticed a vault guard
  9154 | D:13     | Noticed a vault guard
  9154 | D:13     | Noticed a vault guard
  9154 | D:13     | Noticed a vault guard
  9154 | D:13     | Noticed a vault guard
  9155 | D:13     | Noticed a vault guard
  9155 | D:13     | Noticed a vault guard
  9162 | D:13     | Killed a vault guard
  9163 | D:13     | Reached XP level 12. HP: 102/129 MP: 10/12
  9165 | D:13     | Killed a vault guard
  9166 | D:13     | Reached skill level 10 in Shields
  9166 | D:13     | Killed a vault guard
  9169 | D:13     | Killed a vault guard
  9170 | D:13     | Reached skill level 15 in Fighting
  9173 | D:13     | Killed a vault guard
  9176 | D:13     | Killed a vault guard
  9178 | D:13     | Killed a vault guard
  9184 | D:13     | Killed a vault guard
  9193 | D:13     | Noticed a two-headed ogre
  9198 | D:13     | Killed a two-headed ogre
  9317 | D:11     | Noticed a two-headed ogre
  9321 | D:11     | Killed a two-headed ogre
  9501 | D:11     | Noticed Josephine
  9514 | D:11     | Killed Josephine
  9546 | D:11     | Killed a boulder beetle
  9832 | Lair:1   | Entered Level 1 of the Lair of Beasts
  9878 | Lair:1   | Reached skill level 16 in Fighting
  9942 | Lair:1   | Noticed a six-headed hydra
  9952 | Lair:1   | Killed a six-headed hydra
 10085 | Lair:1   | Reached XP level 13. HP: 141/141 MP: 13/13
 10109 | Lair:1   | Reached skill level 15 in Maces & Flails
 10174 | Lair:1   | Lost mutation: You are completely covered in large bone
                  | plates. (SH +8) [Jiyva's grace]
 10174 | Lair:1   | Lost mutation: You are mostly covered in large bone plates.
                  | (SH +6) [Jiyva's grace]
 10174 | Lair:1   | Lost mutation: You are robust. (+10% HP) [Jiyva's grace]
 10174 | Lair:1   | Gained mutation: Your rubbery body absorbs attacks. (AC +1,
                  | EV +1) [Jiyva's grace]
 10174 | Lair:1   | Gained mutation: Your pliable body absorbs attacks. (AC +2,
                  | EV +2) [Jiyva's grace]
 10174 | Lair:1   | Gained mutation: Your gelatinous body deflects attacks. (AC
                  | +3, EV +3) [Jiyva's grace]
 10174 | Lair:1   | Gained mutation: You have a small jelly attached to you
                  | that may absorb projectiles. [Jiyva's grace]
 10924 | Lair:2   | Found a staircase to the Swamp.
 10985 | Lair:2   | Reached skill level 17 in Fighting
 11833 | Lair:3   | Found a staircase to the Snake Pit.
 11878 | Lair:3   | Lost mutation: Your mind is acute. (Int +4, Str/Dex -1)
                  | [Jiyva's grace]
 11878 | Lair:3   | Lost mutation: Your gelatinous body deflects attacks. (AC
                  | +3, EV +3) [Jiyva's grace]
 11878 | Lair:3   | Gained mutation: Your translucent skin slightly reduces
                  | your foes' accuracy. (Stealth+) [Jiyva's grace]
 11878 | Lair:3   | Gained mutation: Your translucent skin reduces your foes'
                  | accuracy. (Stealth+) [Jiyva's grace]
 11878 | Lair:3   | Gained mutation: Your transparent skin significantly
                  | reduces your foes' accuracy. (Stealth+) [Jiyva's grace]
 11878 | Lair:3   | Gained mutation: Your flesh is cold resistant. (rC+)
                  | [Jiyva's grace]
 12223 | Lair:3   | Reached XP level 14. HP: 141/141 MP: 14/14
 12232 | Lair:3   | Reached skill level 18 in Fighting
 13811 | Lair:5   | Entered Level 5 of the Lair of Beasts
 13846 | Lair:5   | Found a viscous altar of Jiyva.
 13846 | Lair:5   | Found a staircase to the Slime Pits.
 13860 | Slime:1  | Entered Level 1 of the Pits of Slime
 13872 | Slime:2  | Noticed a quicksilver ooze
 13886 | Slime:4  | Noticed a formless jellyfish
 13886 | Slime:4  | Noticed a formless jellyfish
 13888 | Slime:4  | Noticed a formless jellyfish
 13889 | Slime:5  | Entered Level 5 of the Pits of Slime
 13902 | Slime:5  | Noticed an azure jelly
 13904 | Slime:5  | Noticed a rockslime
 13910 | Slime:5  | Noticed an azure jelly
 13953 | Slime:5  | Noticed an azure jelly
 13963 | Slime:5  | Noticed an acid blob
 13965 | Slime:5  | Found a viscous altar of Jiyva.
 13966 | Slime:5  | Noticed an acid blob
 13966 | Slime:5  | Noticed the Royal Jelly
 13968 | Slime:5  | Noticed an azure jelly
 13973 | Slime:5  | Noticed a rockslime
 13974 | Slime:5  | Got the Octavo of Nasty Graupel
 13974 | Slime:5  | Noticed a formless jellyfish
 13975 | Slime:5  | Noticed a formless jellyfish
 13976 | Slime:5  | Noticed an acid blob
 13979 | Slime:5  | Noticed a quicksilver ooze
 13982 | Slime:5  | Identified the ring "Ameon" {Will- EV+5 Dex+4 Stlth+}
 13985 | Slime:5  | Identified the staff "Ujasm" {rC+ SInv Ice}
 13995 | Slime:5  | Got a slimy rune of Zot
 14018 | Slime:5  | Noticed an acid blob
 14106 | Slime:4  | Noticed a rockslime
 14106 | Slime:4  | Noticed an azure jelly
 14106 | Slime:4  | Noticed an azure jelly
 14186 | Slime:4  | Noticed an azure jelly
 14249 | Slime:4  | Noticed an acid blob
 14251 | Slime:4  | Noticed a quicksilver ooze
 14282 | Slime:3  | Noticed a rockslime
 14286 | Slime:3  | Noticed an acid blob
 14321 | Slime:1  | Noticed an acid blob
 14326 | Slime:1  | Noticed a quicksilver ooze
 14337 | Slime:1  | Noticed a rockslime
 14390 | Slime:1  | Noticed an acid blob
 14736 | Lair:5   | Reached skill level 19 in Fighting
 15044 | Lair:5   | Reached XP level 15. HP: 152/152 MP: 15/15
 15174 | Lair:5   | Lost mutation: You are partially covered in large bone
                  | plates. (SH +4) [Jiyva's grace]
 15174 | Lair:5   | Lost mutation: Your pliable body absorbs attacks. (AC +2,
                  | EV +2) [Jiyva's grace]
 15174 | Lair:5   | Lost mutation: Your transparent skin significantly reduces
                  | your foes' accuracy. (Stealth+) [Jiyva's grace]
 15174 | Lair:5   | Lost mutation: You passively dampen the noise of your
                  | surroundings. [Jiyva's grace]
 15174 | Lair:5   | Gained mutation: You have a small jelly attached to you
                  | that senses nearby items. [Jiyva's grace]
 15174 | Lair:5   | Gained mutation: Your transparent skin significantly
                  | reduces your foes' accuracy. (Stealth+) [Jiyva's grace]
 15174 | Lair:5   | Gained mutation: You have a somewhat thin skeletal
                  | structure. (Dex +2, Stealth+) [Jiyva's grace]
 15174 | Lair:5   | Gained mutation: You have a moderately thin skeletal
                  | structure. (Dex +4, Stealth++) [Jiyva's grace]
 16113 | D:12     | Found Utsah's Pet Rocks.
 16169 | D:12     | Found a staircase to the Orcish Mines.
 16357 | Orc:1    | Entered Level 1 of the Orcish Mines
 16635 | Orc:2    | Entered Level 2 of the Orcish Mines
 16696 | Orc:2    | Found a radiant altar of Vehumet.
 16852 | Orc:2    | Found Ydi Hethro's Magic Scroll Boutique.
 16877 | Orc:2    | Reached skill level 20 in Fighting
 17152 | Orc:2    | Found Axom's Distillery.
 17158 | Orc:2    | Found Ymirawk's General Store.
 17188 | Orc:2    | Bought a potion of might for 56 gold pieces
 17190 | Orc:2    | Found Xypuif's Armour Boutique.
 17194 | Orc:2    | Bought a scroll of identify for 30 gold pieces
 17194 | Orc:2    | Bought a scroll of identify for 30 gold pieces
 17360 | Orc:2    | Found a staircase to the Elven Halls.
 17454 | Orc:1    | Found Tuinliho's Magic Scroll Shop.
 17477 | Orc:1    | Bought a scroll of identify for 24 gold pieces
 17477 | Orc:1    | Bought a scroll of identify for 24 gold pieces
 17477 | Orc:1    | Bought a scroll of identify for 24 gold pieces
 17478 | Orc:1    | Found the +15 Maxwell's patent armour {-Cast -Tele rElec
                  | Will+ rCorr}
 17812 | Orc:2    | Bought a +0 pair of boots of flying for 184 gold pieces
 17985 | D:13     | Lost mutation: You have sharp toenails. [Jiyva's grace]
 17985 | D:13     | Lost mutation: Your rubbery body absorbs attacks. (AC +1,
                  | EV +1) [Jiyva's grace]
 17985 | D:13     | Lost mutation: You have a small jelly attached to you that
                  | senses nearby items. [Jiyva's grace]
 17985 | D:13     | Gained mutation: You have acidic saliva. [Jiyva's grace]
 17985 | D:13     | Gained mutation: Armour fits poorly on your pseudopods.
                  | [Jiyva's grace]
 17985 | D:13     | Gained mutation: Armour fits poorly on your large
                  | pseudopods. [Jiyva's grace]
 17985 | D:13     | Gained mutation: Armour fits poorly on your massive
                  | pseudopods. [Jiyva's grace]
 18252 | D:13     | Reached skill level 1 in Evocations
 18584 | D:14     | Found a snail-covered altar of Cheibriados.
 18617 | D:14     | Found a glowing golden altar of the Shining One.
 18628 | D:14     | Found a runed translucent door.
 18633 | D:14     | Found a glowing silver altar of Zin.
 18652 | D:14     | Found an iron altar of Okawaru.
 18665 | D:14     | Found a shimmering altar of Xom.
 18701 | D:14     | Found a stormy altar of Qazlal.
 19243 | D:15     | Entered Level 15 of the Dungeon
 19349 | D:15     | Found a staircase to the Depths.
 19349 | D:15     | Noticed a frost giant
 19356 | D:15     | Killed a frost giant
 19357 | D:15     | Reached skill level 21 in Fighting
 19357 | D:15     | Reached XP level 16. HP: 167/167 MP: 14/16
 19479 | D:15     | Reached skill level 5 in Armour
 19549 | D:15     | Found a blossoming altar of Fedhas.
 19660 | D:15     | Lost mutation: You have a pair of antennae on your head.
                  | [Jiyva's grace]
 19660 | D:15     | Lost mutation: You have a moderately thin skeletal
                  | structure. (Dex +4, Stealth++) [Jiyva's grace]
 19660 | D:15     | Lost mutation: Your transparent skin significantly reduces
                  | your foes' accuracy. (Stealth+) [Jiyva's grace]
 19660 | D:15     | Gained mutation: You possess an exceptional clarity of
                  | mind. [Jiyva's grace]
 19660 | D:15     | Gained mutation: Your movements are slightly less
                  | encumbered by armour. (ER -2) [Jiyva's grace]
 19660 | D:15     | Gained mutation: Your movements are less encumbered by
                  | armour. (ER -4) [Jiyva's grace]
 19660 | D:15     | Gained mutation: Your movements are significantly less
                  | encumbered by armour. (ER -6) [Jiyva's grace]
 19830 | D:15     | Reached skill level 5 in Evocations
 20252 | Swamp:1  | Entered Level 1 of the Swamp
 20357 | Swamp:1  | Noticed Mlioglotl
 20372 | Swamp:1  | Noticed a tentacled starspawn
 20379 | Swamp:1  | Killed Mlioglotl
 20560 | Swamp:1  | Identified the amulet "Petuyk" {Faith rC+ Dex+4}
 21387 | Swamp:3  | Reached XP level 17. HP: 176/176 MP: 17/17
 21388 | Swamp:3  | Identified a scroll of acquirement
 21389 | Swamp:3  | Acquired a +2 eveningstar of draining
 21517 | Swamp:3  | Reached skill level 22 in Fighting
 21582 | Swamp:3  | Identified the +1 leather armour of Evolution {Harm Str+4
                  | Int+3}
 21909 | Swamp:4  | Entered Level 4 of the Swamp
 21909 | Swamp:4  | Noticed a tentacled monstrosity
 21909 | Swamp:4  | Lost mutation: You have a pair of small antennae on your
                  | head. [Jiyva's grace]
 21909 | Swamp:4  | Lost mutation: Armour fits poorly on your massive
                  | pseudopods. [Jiyva's grace]
 21909 | Swamp:4  | Lost mutation: Your translucent skin reduces your foes'
                  | accuracy. (Stealth+) [Jiyva's grace]
 21909 | Swamp:4  | Gained mutation: Your system is resistant to poisons.
                  | (rPois) [Jiyva's grace]
 21909 | Swamp:4  | Gained mutation: Your muscles are strong. (Str +4, Int/Dex
                  | -1) [Jiyva's grace]
 21909 | Swamp:4  | Gained mutation: Your muscles are very strong. (Str +8,
                  | Int/Dex -2) [Jiyva's grace]
 21909 | Swamp:4  | Gained mutation: Your translucent skin reduces your foes'
                  | accuracy. (Stealth+) [Jiyva's grace]
 21932 | Swamp:4  | Killed a tentacled monstrosity
 21998 | Swamp:3  | Reached XP level 18. HP: 95/185 MP: 18/18
 22385 | Swamp:3  | Reached skill level 10 in Evocations
 22654 | Swamp:4  | Got a decaying rune of Zot
 23032 | Snake:1  | Entered Level 1 of the Snake Pit
 23554 | Snake:1  | Reached skill level 23 in Fighting
 23650 | Snake:1  | Noticed Nikola
 23662 | Snake:1  | Killed Nikola
 23697 | Snake:1  | Identified the +7 sling of a ziggurat {drain, rF+++ rN+}
 24358 | Snake:2  | Found a shimmering altar of Xom.
 24360 | Snake:2  | Noticed Donald
 24382 | Snake:2  | Killed Donald
 24433 | Snake:2  | Lost mutation: Your muscles are very strong. (Str +8,
                  | Int/Dex -2) [Jiyva's grace]
 24433 | Snake:2  | Lost mutation: You have a small jelly attached to you that
                  | may absorb projectiles. [Jiyva's grace]
 24433 | Snake:2  | Gained mutation: You expend magic power (3 MP) to
                  | strengthen your wands. [Jiyva's grace]
 24433 | Snake:2  | Gained mutation: You are covered in slimy tendrils that may
                  | disarm your opponents. [Jiyva's grace]
 24433 | Snake:2  | Gained mutation: You have large cloven feet. [Jiyva's
                  | grace]
 24433 | Snake:2  | Gained mutation: You have hoof-like feet. [Jiyva's grace]
 24790 | Snake:2  | Reached skill level 10 in Armour
 26048 | Snake:3  | Reached XP level 19. HP: 191/195 MP: 16/19
 26295 | Snake:3  | Found a frozen archway.
 26317 | IceCv    | Entered an ice cave
 26480 | IceCv    | Identified the +5 quarterstaff "Vyloheti" {heavy, *Noise
                  | Fly rPois Str+4}
 26605 | IceCv    | Lost mutation: You have hoof-like feet. [Jiyva's grace]
 26605 | IceCv    | Lost mutation: You have a somewhat thin skeletal structure.
                  | (Dex +2, Stealth+) [Jiyva's grace]
 26605 | IceCv    | Lost mutation: Your system is resistant to poisons. (rPois)
                  | [Jiyva's grace]
 26605 | IceCv    | Lost mutation: Armour fits poorly on your large pseudopods.
                  | [Jiyva's grace]
 26605 | IceCv    | Lost mutation: Your movements are significantly less
                  | encumbered by armour. (ER -6) [Jiyva's grace]
 26605 | IceCv    | Lost mutation: Your movements are less encumbered by
                  | armour. (ER -4) [Jiyva's grace]
 26605 | IceCv    | Gained mutation: Your melee attacks may engulf your foes in
                  | ooze. [Jiyva's grace]
 26605 | IceCv    | Lost mutation: You have large cloven feet. [Jiyva's grace]
 26605 | IceCv    | Gained mutation: You have sharp toenails. [Jiyva's grace]
 26605 | IceCv    | Gained mutation: You have razor-sharp toenails. [Jiyva's
                  | grace]
 26605 | IceCv    | Gained mutation: You have claws for feet. [Jiyva's grace]
 26750 | IceCv    | Noticed an Ice Fiend
 26757 | IceCv    | Killed an Ice Fiend
 26896 | IceCv    | Identified the +6 orcbow of Annoyance {antimagic, rPois rF+
                  | rC+}
 27576 | Snake:4  | Entered Level 4 of the Snake Pit
 27603 | Snake:4  | Reached skill level 1 in Ranged Weapons
 27607 | Snake:4  | Noticed Vashnia
 27738 | Snake:4  | Got the Discourse on Flammable Correspondence
 27747 | Snake:4  | Found Suzizxuo's Weapon Shoppe.
 27858 | Snake:4  | Found Huisud's Book Boutique.
 27858 | Snake:4  | Found Wamoic's Jewellery Emporium.
 27860 | Snake:4  | Found Misuusk's Book Boutique.
 27883 | Snake:4  | Bought the ring "Unich" {+Blink Fly rC+ rN+ Stlth+} for 910
                  | gold pieces
 27910 | Snake:4  | Noticed Aizul
 27920 | Snake:4  | Killed Aizul
 28110 | Snake:4  | Reached skill level 24 in Fighting
 28341 | Snake:4  | Killed Vashnia
 28814 | Snake:4  | Reached skill level 5 in Ranged Weapons
 28946 | Snake:4  | Reached XP level 20. HP: 204/206 MP: 20/20
 29163 | Snake:4  | Got a serpentine rune of Zot
 29647 | Depths:1 | Entered Level 1 of the Depths
 29753 | Vaults:1 | Entered Level 1 of the Vaults
 30123 | Vaults:1 | Lost mutation: Your flesh is cold resistant. (rC+) [Jiyva's
                  | grace]
 30123 | Vaults:1 | Lost mutation: Your muscles are strong. (Str +4, Int/Dex
                  | -1) [Jiyva's grace]
 30123 | Vaults:1 | Lost mutation: Armour fits poorly on your pseudopods.
                  | [Jiyva's grace]
 30123 | Vaults:1 | Lost mutation: You are covered in slimy tendrils that may
                  | disarm your opponents. [Jiyva's grace]
 30123 | Vaults:1 | Lost mutation: Your melee attacks may engulf your foes in
                  | ooze. [Jiyva's grace]
 30123 | Vaults:1 | Gained mutation: You passively map a small area around you.
                  | [Jiyva's grace]
 30123 | Vaults:1 | Gained mutation: You passively map the area around you.
                  | [Jiyva's grace]
 30123 | Vaults:1 | Gained mutation: You passively map a large area around you.
                  | [Jiyva's grace]
 30123 | Vaults:1 | Gained mutation: You are covered in slimy tendrils that may
                  | disarm your opponents. [Jiyva's grace]
 30725 | Vaults:1 | Reached skill level 15 in Armour
 31052 | Vaults:2 | Acquired 655 gold pieces
 31439 | Vaults:2 | You are sucked into a shaft and drop 2 floors!
 31548 | Vaults:4 | Lost mutation: You possess an exceptional clarity of mind.
                  | [Jiyva's grace]
 31548 | Vaults:4 | Lost mutation: You passively map a large area around you.
                  | [Jiyva's grace]
 31548 | Vaults:4 | Lost mutation: Your translucent skin reduces your foes'
                  | accuracy. (Stealth+) [Jiyva's grace]
 31548 | Vaults:4 | Gained mutation: You have a small jelly attached to you
                  | that senses nearby items. [Jiyva's grace]
 31548 | Vaults:4 | Gained mutation: You have a small jelly attached to you
                  | that may absorb projectiles. [Jiyva's grace]
 31548 | Vaults:4 | Gained mutation: You have a pair of small horns on your
                  | head. [Jiyva's grace]
 31548 | Vaults:4 | Gained mutation: You have a pair of horns on your head.
                  | [Jiyva's grace]
 31644 | Vaults:4 | Noticed Mara
 31656 | Vaults:4 | Killed Mara
 31782 | Vaults:4 | Found Ahomne's Book Shoppe.
 31996 | Vaults:3 | Found a crumbling gateway.
 32012 | Desolati | Entered the Desolation of Salt
 32295 | Vaults:2 | Reached XP level 21. HP: 131/216 MP: 19/21
 32552 | Elf:1    | Entered Level 1 of the Elven Halls
 32553 | Elf:1    | Upgraded the game from 0.31-a0-210-gccc998df9b to
                  | 0.31-a0-217-g58bb5d79cf
 32579 | Elf:1    | Reached skill level 25 in Fighting
 33107 | Elf:1    | Found a portal to a secret trove of treasure.
 33253 | Elf:1    | Reached skill level 10 in Ranged Weapons
 33452 | Elf:2    | Found a runed translucent gate.
 33541 | Elf:2    | Found a runed translucent gate.
 33560 | Elf:2    | Found a runed translucent gate.
 33647 | Elf:2    | Lost mutation: You have a pair of horns on your head.
                  | [Jiyva's grace]
 33647 | Elf:2    | Lost mutation: You have claws for feet. [Jiyva's grace]
 33647 | Elf:2    | Lost mutation: Your translucent skin slightly reduces your
                  | foes' accuracy. (Stealth+) [Jiyva's grace]
 33647 | Elf:2    | Gained mutation: You have an increased reservoir of magic.
                  | (+10% MP) [Jiyva's grace]
 33647 | Elf:2    | Gained mutation: You have a considerably increased
                  | reservoir of magic. (+20% MP) [Jiyva's grace]
 33647 | Elf:2    | Gained mutation: You have a greatly increased reservoir of
                  | magic. (+30% MP) [Jiyva's grace]
 33647 | Elf:2    | Gained mutation: A frigid envelope surrounds you and
                  | freezes all who hurt you. [Jiyva's grace]
 34611 | Elf:3    | Entered Level 3 of the Elven Halls
 34841 | Elf:3    | Identified the +5 spear of Qazlal's Benevolence {vamp,
                  | Will+}
 34884 | Elf:3    | Reached XP level 22. HP: 58/227 MP: 28/28
 35207 | Elf:3    | Identified the +4 rapier "Qalasheeps" {flame, rPois}
 35324 | Elf:3    | Found the -2 hat of the Alchemist {rElec rPois rF+ rC+ rN+
                  | Will+ rMut rCorr}
 35514 | Elf:3    | Identified the +4 triple crossbow "Toatikasch" {flame,
                  | Str+5}
 35691 | Elf:3    | Identified the +1 pair of gloves of the Vacuum {Dex+2 SInv}
 35713 | Elf:3    | Found the +10 zealot's sword {holy, Zealotry, *Rage rN+
                  | EV+3}
 35718 | Elf:3    | Identified the +0 chain mail of the Original Sin {rF+ Int+3
                  | Stlth-}
 35719 | Elf:3    | Identified the amulet "Kaethre Gubao" {Reflect rF+ Will+
                  | SH+5}
 35732 | Elf:3    | Identified the +6 war axe of Past Mistakes {holy, Str+2
                  | Int+3 Dex-3 SInv}
 36311 | Depths:1 | Found a one-way gateway to a ziggurat.
 36354 | Depths:1 | Found Zaetas's Antique Armour Emporium.
 36411 | Depths:1 | Lost mutation: You have razor-sharp toenails. [Jiyva's
                  | grace]
 36411 | Depths:1 | Lost mutation: You have a greatly increased reservoir of
                  | magic. (+30% MP) [Jiyva's grace]
 36411 | Depths:1 | Lost mutation: You are covered in slimy tendrils that may
                  | disarm your opponents. [Jiyva's grace]
 36411 | Depths:1 | Lost mutation: You expend magic power (3 MP) to strengthen
                  | your wands. [Jiyva's grace]
 36411 | Depths:1 | Lost mutation: Your movements are slightly less encumbered
                  | by armour. (ER -2) [Jiyva's grace]
 36411 | Depths:1 | Gained mutation: You have hidden genetic potential.
                  | [Jiyva's grace]
 36411 | Depths:1 | Gained mutation: You have great hidden genetic potential.
                  | [Jiyva's grace]
 36411 | Depths:1 | Gained mutation: Your translucent skin slightly reduces
                  | your foes' accuracy. (Stealth+) [Jiyva's grace]
 36411 | Depths:1 | Gained mutation: Your translucent skin reduces your foes'
                  | accuracy. (Stealth+) [Jiyva's grace]
 36546 | Depths:1 | Found a gateway to Hell.
 37019 | Depths:2 | Found a corrupted altar of Lugonu.
 37038 | Abyss:2  | Cast into level 2 of the Abyss (tengu warrior)
 37048 | Depths:2 | Escaped the Abyss
 37050 | Depths:2 | Found a one-way gate to the infinite horrors of the Abyss.
 37053 | Depths:2 | Reached skill level 26 in Fighting
 37548 | Depths:2 | Found a one-way gate leading to the halls of Pandemonium.
 37702 | Depths:2 | Reached skill level 15 in Shields
 37832 | Depths:2 | Reached XP level 23. HP: 217/238 MP: 27/27
 38456 | Depths:3 | Lost mutation: A frigid envelope surrounds you and freezes
                  | all who hurt you. [Jiyva's grace]
 38456 | Depths:3 | Lost mutation: You have great hidden genetic potential.
                  | [Jiyva's grace]
 38456 | Depths:3 | Lost mutation: You have hidden genetic potential. [Jiyva's
                  | grace]
 38456 | Depths:3 | Gained mutation: You are somewhat resistant to further
                  | mutation. [Jiyva's grace]
 38456 | Depths:3 | Gained mutation: You are somewhat resistant to both further
                  | mutation and mutation removal. [Jiyva's grace]
 38456 | Depths:3 | Gained mutation: You are almost entirely resistant to
                  | further mutation and mutation removal. [Jiyva's grace]
 38456 | Depths:3 | Gained mutation: You are covered in slimy tendrils that may
                  | disarm your opponents. [Jiyva's grace]
 38742 | Depths:3 | Reached skill level 27 in Fighting
 38760 | Depths:3 | Found a basalt altar of Yredelemnul.
 39176 | Depths:4 | Entered Level 4 of the Depths
 39264 | Depths:4 | Noticed a golden dragon
 39296 | Depths:4 | Killed a golden dragon
 39557 | Depths:4 | Noticed a golden dragon
 39574 | Depths:4 | Killed a golden dragon
 39575 | Depths:4 | Reached skill level 1 in Dodging
 39797 | Depths:4 | Found a gate to the Realm of Zot.
 39908 | Depths:4 | Noticed a juggernaut
 39918 | Depths:4 | Killed a juggernaut
 40635 | Vaults:2 | Identified the amulet "Lomm" {Faith rElec Str-3 Int+6 SInv}
 40653 | Vaults:2 | Reached skill level 5 in Dodging
 40707 | Vaults:2 | Found a staircase to the Crypt.
 40719 | Vaults:2 | Reached XP level 24. HP: 246/249 MP: 27/27
 40756 | Vaults:2 | Got the Tome of the Fuming Tropics
 40808 | Vaults:2 | Lost mutation: You have a considerably increased reservoir
                  | of magic. (+20% MP) [Jiyva's grace]
 40808 | Vaults:2 | Lost mutation: You have acidic saliva. [Jiyva's grace]
 40808 | Vaults:2 | Lost mutation: You have a small jelly attached to you that
                  | senses nearby items. [Jiyva's grace]
 40808 | Vaults:2 | Gained mutation: You have acidic saliva. [Jiyva's grace]
 40808 | Vaults:2 | Gained mutation: Your mind is acute. (Int +4, Str/Dex -1)
                  | [Jiyva's grace]
 40808 | Vaults:2 | Gained mutation: Your mind is very acute. (Int +8, Str/Dex
                  | -2) [Jiyva's grace]
 40808 | Vaults:2 | Gained mutation: You possess an exceptional clarity of
                  | mind. [Jiyva's grace]
 41728 | Vaults:3 | Noticed Bai Suzhen
 41738 | Vaults:3 | Killed Bai Suzhen
 42882 | Vaults:4 | Identified the +4 cloak "Vowin" {rF+++ rN+ Will- Dex+3}
 43221 | Vaults:4 | Found a runed translucent gate.
 43221 | Vaults:4 | Found a runed translucent gate.
 43221 | Vaults:4 | Found a runed translucent gate.
 43222 | Vaults:4 | Noticed Yptir's ghost (adept AtFE)
 43305 | Vaults:4 | Killed Yptir's ghost
 43366 | Vaults:4 | Identified the +3 pair of boots of Cah Vumo {Int-3 Dex+3
                  | Slay+2 Stlth+}
 43417 | Vaults:5 | Entered Level 5 of the Vaults
 43540 | Vaults:5 | Reached XP level 25. HP: 249/257 MP: 25/25
 43588 | Vaults:5 | Noticed a dread lich
 43588 | Vaults:5 | Noticed a dread lich
 43614 | Vaults:4 | Killed a dread lich
 43615 | Vaults:4 | Reached skill level 10 in Dodging
 43616 | Vaults:4 | Killed a dread lich
 44453 | Elf:1    | You paid a toll of +4 shadow dragon scales to enter a
                  | treasure trove
 44454 | Trove    | Entered a treasure trove
 44468 | Trove    | Identified the +1 leather armour of Freedom {rCorr}
 44492 | Trove    | Identified the ring of Autumn {Fire Str+2}
 44494 | Trove    | Identified the amulet "Xodgh" {RegenMP Fragile Dex+3}
 44511 | Trove    | Reached XP level 26. HP: 266/266 MP: 25/25
 44522 | Trove    | Lost mutation: You possess an exceptional clarity of mind.
                  | [Jiyva's grace]
 44522 | Trove    | Lost mutation: Your translucent skin reduces your foes'
                  | accuracy. (Stealth+) [Jiyva's grace]
 44522 | Trove    | Gained mutation: Your spells are a little harder to cast,
                  | but a little more powerful. [Jiyva's grace]
 44522 | Trove    | Gained mutation: Your spells are harder to cast, but more
                  | powerful. [Jiyva's grace]
 44522 | Trove    | Gained mutation: Your spells are much harder to cast, but
                  | much more powerful. [Jiyva's grace]
 44522 | Trove    | Gained mutation: Your flesh is heat resistant. (rF+)
                  | [Jiyva's grace]
 45059 | Vaults:5 | Noticed an ancient lich
 45072 | Vaults:5 | Killed an ancient lich
 45230 | Vaults:5 | Got Asmodeus's Volume of the Torch
 45255 | Vaults:5 | Noticed an ancient lich
 45270 | Vaults:5 | Killed an ancient lich
 45302 | Vaults:5 | Identified the ring "Giffoq" {rC+ Str+2 Slay+3}
 45512 | Vaults:5 | Identified the +11 war axe of the Omega Point {freeze,
                  | Dex+2}
 45913 | Vaults:5 | Identified the +7 quarterstaff of Gallantry {protect, Fly
                  | rN+++ Will- Int+4}
 45918 | Vaults:5 | Noticed a dread lich
 45932 | Vaults:5 | Killed a dread lich
 45963 | Vaults:5 | Identified the ring "Zuomeor" {rElec EV+5 SInv}
 46499 | Vaults:5 | Identified the +12 falchion of Makhleb's Benevolence
                  | {heavy, *Slow rElec rC+}
 46531 | Vaults:5 | Got the Lessons on the Tundra and Orogeny
 46545 | Vaults:5 | Got a silver rune of Zot
 46548 | Vaults:5 | Identified the staff "Moilutusunn" {rElec rC+ MP+9 Stlth+
                  | Earth}
 46558 | Vaults:5 | Identified the +3 dagger "Ucupnydgh" {spect, *Noise Will+
                  | MP+9 Dex+6}
 47026 | Zot:1    | Entered Level 1 of the Realm of Zot
 47444 | Zot:1    | Reached XP level 27. HP: 247/273 MP: 23/25
 48091 | Zot:1    | Gained mutation: You sometimes lose your temper in combat.
                  | [mutagenic glow]
 48530 | Zot:2    | Noticed an orb of fire
 48559 | Zot:2    | Killed an orb of fire
 48630 | Zot:2    | Lost mutation: Your mind is very acute. (Int +8, Str/Dex
                  | -2) [Jiyva's grace]
 48630 | Zot:2    | Lost mutation: You are almost entirely resistant to further
                  | mutation and mutation removal. [Jiyva's grace]
 48630 | Zot:2    | Lost mutation: You are somewhat resistant to both further
                  | mutation and mutation removal. [Jiyva's grace]
 48630 | Zot:2    | Lost mutation: You are somewhat resistant to further
                  | mutation. [Jiyva's grace]
 48630 | Zot:2    | Lost mutation: You have acidic saliva. [Jiyva's grace]
 48630 | Zot:2    | Gained mutation: You have a small jelly attached to you
                  | that senses nearby items. [Jiyva's grace]
 48630 | Zot:2    | Gained mutation: You are somewhat resistant to further
                  | mutation. [Jiyva's grace]
 48630 | Zot:2    | Gained mutation: You are somewhat resistant to both further
                  | mutation and mutation removal. [Jiyva's grace]
 48630 | Zot:2    | Gained mutation: You are almost entirely resistant to
                  | further mutation and mutation removal. [Jiyva's grace]
 49319 | Zot:3    | You are sucked into a shaft and drop 1 floor!
 50164 | Zot:3    | Lost mutation: You have a pair of small horns on your head.
                  | [Jiyva's grace]
 50164 | Zot:3    | Lost mutation: You sometimes lose your temper in combat.
                  | [Jiyva's grace]
 50164 | Zot:3    | Lost mutation: You are almost entirely resistant to further
                  | mutation and mutation removal. [Jiyva's grace]
 50164 | Zot:3    | Lost mutation: You are somewhat resistant to both further
                  | mutation and mutation removal. [Jiyva's grace]
 50164 | Zot:3    | Lost mutation: Your spells are much harder to cast, but
                  | much more powerful. [Jiyva's grace]
 50164 | Zot:3    | Lost mutation: You are covered in slimy tendrils that may
                  | disarm your opponents. [Jiyva's grace]
 50164 | Zot:3    | Gained mutation: Your rubbery body absorbs attacks. (AC +1,
                  | EV +1) [Jiyva's grace]
 50164 | Zot:3    | Gained mutation: Your pliable body absorbs attacks. (AC +2,
                  | EV +2) [Jiyva's grace]
 50164 | Zot:3    | Gained mutation: Your gelatinous body deflects attacks. (AC
                  | +3, EV +3) [Jiyva's grace]
 50164 | Zot:3    | Gained mutation: You expend magic power (3 MP) to
                  | strengthen your wands. [Jiyva's grace]
 50253 | Zot:4    | Noticed Vv
 50271 | Zot:4    | Killed Vv
 51024 | Zot:5    | Entered Level 5 of the Realm of Zot
 51186 | Zot:5    | Found a runed translucent gate.
 51186 | Zot:5    | Found a runed translucent gate.
 51186 | Zot:5    | Found a runed translucent gate.
 51187 | Zot:5    | Noticed Lance11888's ghost (legendary OpDe)
 51187 | Zot:5    | Noticed a dread lich
 51350 | Zot:5    | Noticed a dread lich
 51351 | Zot:5    | Noticed an orb of fire
 51434 | Zot:5    | Noticed an orb of fire
 51454 | Zot:5    | Noticed an orb of fire
 51479 | Zot:5    | Killed an orb of fire
 51503 | Zot:5    | Killed an orb of fire
 51535 | Zot:5    | Noticed an orb of fire
 51537 | Zot:5    | Lost mutation: You have an increased reservoir of magic.
                  | (+10% MP) [an orb of fire]
 51558 | Zot:5    | Lost mutation: Your spells are harder to cast, but more
                  | powerful. [an orb of fire]
 51560 | Zot:5    | Noticed an orb of fire
 51567 | Zot:5    | Killed an orb of fire
 51571 | Zot:5    | Gained mutation: You are vulnerable to cold. (rC-) [an orb
                  | of fire]
 51572 | Zot:5    | Slimified a dread lich
 51572 | Zot:5    | a dread lich changed into a slime creature
 51579 | Zot:5    | Killed an orb of fire
 51580 | Zot:5    | Reached skill level 15 in Dodging
 51599 | Zot:5    | Killed an orb of fire
 51840 | Zot:5    | Noticed a dread lich
 51860 | Zot:5    | Killed a dread lich
 51934 | Zot:5    | Noticed an ancient lich
 51946 | Zot:5    | Killed an ancient lich
 52110 | Zot:5    | HP: 4/273 [red draconian/+1 battleaxe of venom[a green
                  | draconian monk] (14)]
 52111 | Zot:5    | Slain by a red draconian

Illustrated notes

Levels and vault maps discovered:
D:1:      wander_arrival_lonely_grave, layout_basic, serial_shops, shop,
          minmay_crystal_water
D:2:      layout_basic, hellmonk_ecumenical_altar_crossroads, uniq_natasha
D:3:      cheibrodos_pilgrimage, layout_rooms
D:4:      minmay_chambers_of_threes, layout_loops_cross, slow_altar_1,
          serial_shops, shop, nicolae_shop_clearance, uniq_menkaure,
          uniq_grinder, uniq_robin, uniq_sigmund
D:5:      layout_basic, lemuel_coloured_pillars_altar,
          mainiacjoe_overflow_large_starburst, lightli_corner_chamber,
          uniq_ijyb, uniq_eustachio
D:6:      hangedman_cross_stitches, layout_loops_corners,
          minmay_temple_entry_large_hall, minmay_manual_mandibuliform
D:7:      minmay_spotlight, layout_layer_cave, enter_bailey_5, minivault_22
D:8:      nicolae_cairo_tiling_very_big, layout_rooms
D:9:      layout_loops_ring, vehumet_altar_wand_db, dpeg_lair_monsters,
          hex_medium
D:10:     layout_long_grid, minmay_misc_feat_columns
D:11:     lemuel_flame_loot_2, layout_long_grid, ebering_ghost_funeral_grove,
          tgw_sif, uniq_nergalle, uniq_josephine, uniq_lodul
D:12:     layout_rooms, erik_orc_1, guppyfry_shop_earth
D:13:     layout_roguey, erik_vaults_2
D:14:     due_megacathedral, layout_basic, hangedman_abyss_or_decor_lesser_grid
D:15:     grunt_enter_depths_snipers, layout_irregular_city, amethyst_killhole,
          grunt_decor_junction, fedhas_altar_2
Lair:1:   minmay_lair_oklob_tunnel, layout_cellular_growth
Lair:2:   layout_chaotic_city, minmay_swamp_entry_worms, grunt_megastairs_1
Lair:3:   beast_lair_carwin_large_4, layout_chaotic_city,
          guppyfry_snake_entry_garden, infiniplex_staircase_pool_2
Lair:4:   wad_woods_structure_01, layout_cave_pods,
          chequers_serial_rivers_small_b
Lair:5:   minmay_lair_end_frog_pond, layout_concentric_octagons,
          nicolae_slime_entry_slimehenge, serial_bayou_shore_a,
          lemuel_fruit_tree, serial_bayou_shore_b
Swamp:1:  layout_falls_marsh, evilmike_swamp_ruin_house_5, worms_lemuel,
          uniq_mlioglotl
Swamp:2:  layout_falls_marsh, hangedman_swamp_ruin_wall,
          infiniplex_staircase_pool
Swamp:3:  layout_basic_swamp, nicolae_swamp_orc_logging_accident, swamp_pool3
Swamp:4:  swamp, layout_basic_swamp, swamp_pool5
Snake:1:  layout_onion_interference, nicolae_snake_gridmaze_spiral, uniq_nikola
Snake:2:  hangedman_cross_veins, layout_chambers, basic_altar, special_room,
          uniq_donald
Snake:3:  layout_basic, portal_ice_cave_entry_frozen_things
Snake:4:  snake_pit_salamanders_mu, layout_cave_town, serial_shops,
          nicolae_shop_scrapyard, serial_bayou_shore_b, minmay_shop_grove,
          uniq_vashnia, uniq_aizul
Slime:1:  cheibrodos_slime_lost_civilization_9, layout_caves
Slime:2:  layout_caves
Slime:3:  layout_caves
Slime:4:  layout_caves
Slime:5
Orc:1:    layout_diamond_mine, serial_shops, shop,
          dreamdust_deal_with_the_devil, statue_in_the_mist_lemuel,
          nicolae_orc_bridge_out
Orc:2:    st_orc_open, layout_diamond_mine, basic_altar
Elf:1:    elf_arrival_001, layout_loops_cross, nicolae_trove_entry_diagonal,
          hangedman_elf_represent
Elf:2:    elven_hall_of_blades_hangedman_original
          [nicolae_blade_entry_diamond_columns], layout_onion_city
Elf:3:    grunt_elf_hall_diamonds, layout_loops_ring, drop_trap
Vaults:1: v_misc_3, nicolae_vaults_meiosis, v_misc_30,
          nicolae_vaults_doubleplus_tesselated, grunt_vaults_funnel,
          vaults_standard_mumra_x, layout_vaults_chaotic_city
Vaults:2: ontoclasm_vaults_chip, nicolae_vaults_network_periphery, v_rooms_2,
          vaults_room_hangedman_quadrants, nicolae_vaults_six-pack,
          minmay_crypt_entry_simple_corners, nicolae_vaults_wrenched,
          nicolae_vaults_closet_pinwheel_6, nicolae_vaults_apartment_1,
          nicolae_vaults_double_plus_1, nicolae_vaults_little_squares_2,
          layout_vaults_ring
Vaults:3: portal_desolation_entry_garden, vaults_mumra_minichess,
          nicolae_vaults_closet_pinwheel_4, nicolae_vaults_hexular_roomagon,
          hangedman_vaults_stagger, nicolae_vaults_two_Ls,
          nicolae_vaults_minivaults, nicolae_vaults_closet_pinwheel_2,
          hangedman_vaults_maws, v_misc_4, ontoclasm_vaults_ligature,
          nicolae_vaults_trapezoid_1, vaults_dpeg_ring, v_misc_24,
          ontoclasm_vaults_hangar, layout_vaults_omnicross, uniq_bai_suzhen
Vaults:4: gammafunk_ghost_tricky_traps, vaults_dpeg_doors, v_misc_24,
          nicolae_vaults_turnstiles, nicolae_vaults_what_the_h,
          hangedman_vaults_variations, v_misc_8, v_misc_27, st_eye,
          nicolae_vaults_frosty_reception, layout_vaults_omnibox, serial_shops,
          nicolae_shop_just_a_little_nook, uniq_mara
Vaults:5
Depths:1: layout_cave_pools, enter_ziggurat_a, serial_shops, shop,
          infiniplex_enter_wizlab_spiral, grunt_hell_entry_dis_grunt,
          wheals_unrand_guarded_autumn_katana
Depths:2: mu_elephants_graveyard, layout_basic, hell_entry,
          abyss_entry_flame_altar, kennysheep_cross_room,
          rand_demon_pan_entry_1, kennysheep_crisscross
Depths:3: hellmonk_crumbling_castle, layout_gridlike, grunt_metal_band,
          abyss_entry, hangedman_blasphemy, firewood_loft
Depths:4: evilmike_zot_entry_argh, layout_cave_pools, hell_entry,
          serial_sigils_hangedman_gnaw, minmay_misc_feat_secret_circle,
          minmay_tree_intersection
Zot:1:    layout_twisted_circle
Zot:2:    kennysheep_bubbly, layout_misc_corridors
Zot:3:    layout_concentric_octagons, bh_zot_levy_curve, grunt_ministairs_1,
          grunt_megastairs_3
Zot:4:    layout_misc_corridors, grunt_megastairs_5, uniq_vv
Zot:5:    layout_basic, gammafunk_ghost_necromancy

Skill      XL: |  1  2  3  4  5  6  7  8  9 10 11 12 13 14 15 16 17 18 19 20 21 22 23 24 25 26 27 |
---------------+----------------------------------------------------------------------------------+-----
Fighting       | 4 5 6 7 9 11 12 14 16 17 19 21 22 23 24 25 26 27 | 27.0
Maces & Flails | 3 4 5 6 8 9 11 13 14 16 17 18 | 18.8
Shields        | 4 5 6 7 8 9 11 12 13 14 15 17 18 19 20 22 | 22.4
Evocations     | 4 8 9 12 13 | 13.0
Armour         | 4 7 8 11 13 16 18 19 20 21 22 24 | 24.7
Ranged Weapons | 5 9 11 12 | 12.8
Dodging        | 5 9 10 12 15 | 15.2

Action                     |  1- 3 |  4- 6 |  7- 9 | 10-12 | 13-15 | 16-18 | 19-21 | 22-24 | 25-27 || total
---------------------------+-------+-------+-------+-------+-------+-------+-------+-------+-------++-------
  Melee: Flail             |   137 |   166 |   237 |       |       |       |       |       |       ||   540
         Morningstar       |       |       |    19 |   341 |       |       |       |       |       ||   360
         Demon whip        |       |       |       |   159 |  1209 |   254 |       |       |       ||  1622
         Pseudopods        |       |       |       |       |    36 |   192 |   157 |       |       ||   385
         Bite              |       |       |       |       |    22 |   123 |   172 |   284 |   120 ||   721
         Eveningstar       |       |       |       |       |       |   542 |  1281 |  1532 |  1405 ||  4760
         Kick              |       |       |       |       |       |       |   344 |       |       ||   344
         Headbutt          |       |       |       |       |       |       |   118 |   485 |   336 ||   939
 Invoke: Oozemancy         |       |       |     1 |     4 |     3 |     2 |    11 |    10 |    13 ||    44
         Slimify           |       |       |       |       |       |       |       |       |     1 ||     1
  Evoke: Wand              |       |     1 |     1 |       |       |       |     4 |     1 |       ||     7
         Phial of floods   |       |       |       |       |       |       |       |       |     1 ||     1
         Condenser vane    |       |       |       |       |       |       |       |       |     1 ||     1
    Use: Potion            |     2 |       |       |     2 |     3 |     2 |     2 |     2 |     8 ||    21
         Scroll            |       |       |       |       |    18 |     4 |     2 |     3 |     6 ||    33
   Stab: Invisible         |       |       |     1 |       |       |       |       |       |       ||     1
         Sleeping          |       |       |       |       |       |     2 |       |       |       ||     2
         Distracted        |       |       |       |       |       |       |     1 |     2 |       ||     3
 Armour: Scale mail        |    12 |       |       |       |       |       |       |       |       ||    12
         Plate armour      |   106 |   124 |   134 |   161 |   371 |   560 |   630 |   702 |   723 ||  3511
  Dodge: Dodged            |    54 |    55 |    81 |   157 |   561 |   444 |   592 |   401 |   546 ||  2891
  Block: Buckler           |    30 |    37 |    70 |    39 |       |    15 |       |       |       ||   191
         Kite shield       |       |       |       |   161 |   782 |   633 |   732 |  1052 |  1101 ||  4461
         Reflection        |       |       |       |       |       |    16 |    94 |    67 |    31 ||   208

Table legend: (Time is in decaauts)
 A = Elapsed time spent in this place.
 B = Non-inter-level travel time spent in this place.
 C = Inter-level travel time spent in this place.
 D = Time resting spent in this place.
 E = Time spent auto-exploring this place.
 F = Levels seen in this place.
 G = Mean time per level.
                   A        B        C        D        E       F      G
               +--------+--------+--------+--------+--------+-----+--------+
         Total |  50419 |  45563 |   4856 |   1716 |  23156 |  57 |  884.5 |
       Dungeon |  13357 |  11732 |   1625 |    125 |   7083 |  15 |  890.5 |
          Lair |   4995 |   4584 |    411 |     33 |   2754 |   5 |  999.0 |
         Swamp |   2615 |   2366 |    249 |    258 |    976 |   4 |  653.8 |
     Snake Pit |   5432 |   4947 |    485 |    125 |   2359 |   4 | 1358.0 |
    Slime Pits |    761 |    712 |     49 |      0 |    618 |   5 |  152.2 |
  Orcish Mines |   1823 |   1299 |    524 |     46 |    626 |   2 |  911.5 |
   Elven Halls |   3306 |   2992 |    314 |    126 |   1286 |   3 | 1102.0 |
        Vaults |   8031 |   7292 |    739 |    284 |   3603 |   5 | 1606.2 |
        Depths |   3905 |   3594 |    311 |     38 |   1781 |   4 |  976.2 |
           Zot |   4923 |   4776 |    147 |    550 |   2006 |   5 |  984.6 |
         Abyss |      9 |      9 |      0 |      0 |      0 |   1 |    9.0 |
         Trove |    167 |    167 |      0 |      0 |      9 |   1 |  167.0 |
        Bailey |    299 |    299 |      0 |     63 |      3 |   1 |  299.0 |
      Ice Cave |    748 |    748 |      0 |     68 |     50 |   1 |  748.0 |
    Desolation |     40 |     40 |      0 |      0 |      0 |   1 |   40.0 |
               +--------+--------+--------+--------+--------+-----+--------+

Top non-repeatable levels by time:
Vaults:5: 2095 daAuts
Vaults:4: 1594 daAuts
Vaults:3: 1580 daAuts
 Snake:4: 1568 daAuts
 Snake:2: 1553 daAuts
Vaults:2: 1394 daAuts
Vaults:1: 1366 daAuts
 Snake:1: 1361 daAuts
   Zot:1: 1306 daAuts
   Elf:2: 1273 daAuts
  Lair:4: 1268 daAuts
     D:2: 1235 daAuts
   Orc:2: 1221 daAuts
   Zot:4: 1194 daAuts
     D:6: 1134 daAuts
